 Dungeon Crawl Stone Soup version 0.22.1-1-ga44c0e5 (webtiles) character file.

1971 HammerPanzer the Carver (level 9, 58/82 HPs)
             Began as a Black Draconian Berserker on Oct 29, 2018.
             Was an Elder of Trog.
             Quit the game on level 7 of the Dungeon on Nov 2, 2018.
             The game lasted 00:21:10 (6427 turns).

HammerPanzer the Carver (Black Draconian Berserker) Turns: 6427, Time: 00:21:10

Health: 58/82      AC:  9    Str: 21    XL:     9   Next: 0%
Magic:  9/9        EV: 18    Int:  9    God:    Trog [****..]
Gold:   297        SH:  0    Dex: 20    Spells: 8/8 levels left

rFire    + + .     SeeInvis .   w - +5 whip of the Median {elec, *Drain +Inv rPois Dex+9}
rCold    + . .     Gourm    .   (no shield)
rNeg     . . .     Faith    .   (armour unavailable)
rPois    +         Spirit   .   a - +2 hat
rElec    +         Reflect  .   q - scarf {rC+ rF+}
rCorr    +         Harm     .   (no gloves)
MR       .....                  (no boots)
Stlth    ++........             (no amulet)
HPRegen  0.23/turn              c - ring of protection from fire
MPRegen  0.11/turn              i - ring of resist corrosion

@: no status effects
A: breathe lightning, unfitting armour, electricity resistance, cold-blooded, AC
+7
a: Breathe Lightning, Berserk, Trog's Hand, Brothers in Arms, Renounce Religion,
Evoke Invisibility


You were on level 7 of the Dungeon.
You worshipped Trog.
Trog was greatly pleased with you.
You were very hungry.

You visited 1 branch of the dungeon, and saw 7 of its levels.

You collected 297 gold pieces.

Inventory:

Hand Weapons
 s - a +1 long sword
 w - the +5 whip of the Median (weapon) {elec, *Drain +Inv rPois Dex+9}
   (You found it on level 6 of the Dungeon)

   Occasionally, upon striking a foe, it will discharge some electrical energy
   and cause terrible harm.
   It affects your dexterity (+9).
   It protects you from poison.
   It lets you turn invisible.
   It causes draining when unequipped.
Missiles
 d - 240 stones (quivered)
Armour
 a - a +2 hat (worn)
 q - a scarf of resistance (worn)
Jewellery
 c - a ring of protection from fire (left hand)
 i - a ring of resist corrosion (right hand)
Wands
 k - a wand of acid (4)
 v - a wand of polymorph (9)
Scrolls
 e - 3 scrolls of teleportation
 l - 2 scrolls of enchant armour
 m - 5 scrolls of remove curse
 t - a scroll of fear
 y - 3 scrolls of blinking {unknown}
Potions
 f - 3 potions of heal wounds
 g - 2 potions of magic
 h - a potion of invisibility {unknown}
 j - 2 potions of haste
 n - 2 potions of flight
 o - 3 potions of curing
 p - a potion of resistance
 r - 3 potions of degeneration {unknown}
 u - a potion of agility {unknown}
 x - 3 potions of brilliance {unknown}
 A - a potion of cancellation {unknown}
Comestibles
 b - 16 rations


   Skills:
 + Level 8.5 Fighting
 * Level 10.5 Long Blades
 + Level 2.0 Maces & Flails
 + Level 7.1 Dodging


You had 8 spell levels left.
You didn't know any spells.
Your spell library was empty.

Dungeon Overview and Level Annotations

Branches:
Dungeon (7/15)             Temple (0/1) D:7

Altars:
Elyvilon
Gozag
Makhleb
Nemelex Xobeh
Qazlal
Sif Muna
Yredelemnul

Shops:
D:4 *   D:5 (

Annotations:
D:7 exclusion: oklob plant


Innate Abilities, Weirdness & Mutations

You can breathe wild blasts of lightning.
Your glossy black scales are hard. (AC +7)
You cannot fit into any form of body armour.
You are resistant to electric shocks. (rElec)
You are cold-blooded and may be slowed by cold attacks.


Message History

The killer bee stings you but does no damage.
You miss the killer bee.
You tail-slap the killer bee, but do no damage.
The killer bee misses you. The killer bee completely misses you.
The killer bee stings you but does no damage.
A killer bee comes into view.
The killer bee closely misses you.
You are feeling very hungry.
You whack the killer bee!
You kill the killer bee!
Trog accepts your kill.
Your Maces & Flails skill increases to level 2!
You have reached level 9!
Your experience leads to an increase in your attributes!
Your base attributes are Str 20, Int 9, Dex 11.
Increase (S)trength, (I)ntelligence, or (D)exterity?
You feel stronger.
Your scales feel tougher.
The killer bee stings you but does no damage.
The killer bee completely misses you. x3
Are you sure you want to abandon this character and quit the game? (Confirm

...##### .......#
..>....##########
.............)..#
....###########.#
....# #.## ....#
#..# ....# ##.##
....# #.@.# ....#


#yyy# ##### #.y.# ##5## ... ..y. #... ##.## You could see 5 killer bees and a
shadow imp.

Vanquished Creatures
  Grinder (D:6)
  A hippogriff (D:6)
  Menkaure (D:7)
  2 phantoms
  An ogre (D:4)
  A centaur (D:6)
  A bullfrog (D:6)
  A water moccasin zombie (D:7)
  2 scorpions (D:5)
  A water moccasin skeleton (D:7)
  A killer bee (D:7)
  A howler monkey (D:6)
  A crimson imp (D:6)
  3 orc priests
  3 hounds
  2 jellies
  Ijyb (D:3)
  Terence (D:2)
  2 orc wizards (D:3)
  5 worker ants
  Robin (D:3)
  4 river rats (D:4)
  6 adders
  5 oozes
  An adder skeleton (D:4)
  A worm (D:2)
  4 dart slugs
  2 leopard geckos
  12 orcs
  4 bats
  3 giant cockroaches
  11 goblins
  8 hobgoblins
  2 jackals (D:1)
  4 quokkas
  6 frilled lizards
  A giant cockroach zombie (D:6)
  10 kobolds
  A leopard gecko skeleton (D:5)
  A quokka skeleton (D:3)
  23 rats
142 creatures vanquished.

Vanquished Creatures (others)
  6 fungi (D:7)
6 creatures vanquished.

Grand Total: 148 creatures vanquished

Notes
Turn   | Place    | Note
-------+----------+-------------------------------------------
     0 | D:1      | HammerPanzer the Draconian Berserker began the quest for
                  | the Orb.
     0 | D:1      | Reached XP level 1. HP: 19/19 MP: 1/1
    61 | D:1      | Reached XP level 2. HP: 23/26 MP: 2/2
   862 | D:1      | Reached XP level 3. HP: 33/33 MP: 3/3
  1070 | D:2      | Found a deep blue altar of Sif Muna.
  1166 | D:2      | Found a burning altar of Makhleb.
  1342 | D:2      | Found a white marble altar of Elyvilon.
  1388 | D:2      | Found a stormy altar of Qazlal.
  1390 | D:2      | Reached ** piety under Trog
  1431 | D:2      | Reached skill level 4 in Long Blades
  1455 | D:2      | Noticed Terence
  1472 | D:2      | Killed Terence
  1472 | D:2      | Reached XP level 4. HP: 29/40 MP: 4/4
  1738 | D:2      | Reached skill level 9 in Long Blades
  1738 | D:2      | Reached XP level 5. HP: 52/52 MP: 5/5
  2011 | D:3      | Noticed Ijyb
  2022 | D:3      | Killed Ijyb
  2250 | D:3      | Found a basalt altar of Yredelemnul.
  2285 | D:3      | Reached XP level 6. HP: 54/60 MP: 1/6
  2716 | D:3      | Found a sparkling altar of Nemelex Xobeh.
  2809 | D:4      | Found Huannuih's Assorted Antiques.
  2873 | D:4      | Noticed Robin
  3051 | D:4      | Reached *** piety under Trog
  3056 | D:3      | Killed Robin
  3195 | D:3      | HP: 4/90 [orc priest/enchanted war axe (1)]
  3772 | D:4      | Your scales start taking on a glossy black colour.
  3772 | D:4      | Reached XP level 7. HP: 62/67 MP: 7/7
  3772 | D:4      | Gained mutation: You are resistant to electric shocks.
                  | (rElec) [Black Draconian growth]
  4469 | D:5      | Entered Level 5 of the Dungeon
  4470 | D:5      | Found an opulent altar of Gozag.
  4650 | D:5      | Found Ytoetorch's Weapon Shop.
  5297 | D:6      | Noticed Grinder
  5297 | D:6      | Paralysed by Grinder for 3 turns
  5321 | D:6      | Paralysed by Grinder for 2 turns
  5326 | D:6      | Killed Grinder
  5326 | D:6      | Reached skill level 10 in Long Blades
  5326 | D:6      | Reached XP level 8. HP: 74/74 MP: 8/8
  5331 | D:6      | Got a shimmering whip
  5354 | D:6      | Identified the +5 whip of the Median {elec, *Drain +Inv
                  | rPois Dex+9} (You found it on level 6 of the Dungeon)
  5498 | D:6      | Noticed a hippogriff
  5626 | D:6      | Reached skill level 1 in Maces & Flails
  5637 | D:6      | Reached **** piety under Trog
  5638 | D:6      | Killed a hippogriff
  6251 | D:7      | Noticed an oklob plant
  6282 | D:7      | Noticed Menkaure
  6286 | D:7      | Killed Menkaure
  6415 | D:7      | Found a staircase to the Ecumenical Temple.
  6426 | D:7      | Reached XP level 9. HP: 57/82 MP: 9/9
  6427 | D:7      | Quit the game

Skill      XL: |  1  2  3  4  5  6  7  8 |
---------------+-------------------------+-----
Dodging        | 3 6 7 |  7.1
Long Blades    | 4 9 10 | 10.5
Fighting       | 4 7 8 |  8.5
Maces & Flails | 2 |  2.0

Action                   |  1- 3 |  4- 6 |  7- 9 || total
-------------------------+-------+-------+-------++-------
Melee: Falchion          |   110 |    77 |       ||   187
       Tailslap          |    20 |    17 |    29 ||    66
       Long sword        |       |    50 |    90 ||   140
       Whip              |       |       |    65 ||    65
Throw: Stone             |    13 |       |     8 ||    21
Invok: Berserk           |       |     4 |     1 ||     5
 Abil: Breathe Lightning |       |       |     4 ||     4
  Use: Scroll            |       |    11 |     5 ||    16
       Potion            |       |     1 |     1 ||     2
 Stab: Sleeping          |       |     1 |     2 ||     3
       Distracted        |       |       |     1 ||     1
  Eat: Chunk             |     2 |    11 |     6 ||    19
       Ration            |       |       |     1 ||     1
Armor: Skin              |    22 |    24 |    31 ||    77
Dodge: Dodged            |    72 |    99 |   101 ||   272
       Rpst.: Falchion   |    16 |    19 |       ||    35
       Long sword        |       |    14 |    19 ||    33
